 Dungeon Crawl Stone Soup version 0.29.1-12-g30fa7ad0bf (webtiles) character file.

Game seed: 12474205999917390281

67 growler the Insei (level 4, 35/35 HPs)
             Began as a Demonspawn Wanderer on Jan 16, 2023.
             Quit the game on level 3 of the Dungeon.
             The game lasted 00:02:16 (1767 turns).

growler the Insei (Demonspawn Wanderer)             Turns: 1767, Time: 00:02:17

Health: 35/35      AC:  3    Str: 10    XL:     4   Next: 0%
Magic:  5/5        EV: 12    Int: 11    God:
Gold:   67         SH:  0    Dex: 19    Spells: 5/5 levels left

rFire   . . .      SeeInvis .   a - +2 falchion
rCold   . . .      Faith    .   (no shield)
rNeg    . . .      Spirit   .   e - +0 robe
rPois   .          Reflect  .   (helmet restricted)
rElec   .          Harm     .   c - +0 cloak
rCorr   .          Rampage  .   (no gloves)
Will    .....                   (no boots)
Stlth   ++........              (no amulet)
HPRegen 0.11/turn               (no ring)
MPRegen 0.09/turn               (no ring)

@: no status effects
A: horns 1, demonic magic 1
a: no special abilities


You were on level 3 of the Dungeon.
You visited 1 branch of the dungeon, and saw 3 of its levels.

You collected 67 gold pieces.

Inventory:

Hand Weapons
 a - a +2 falchion (weapon)
Armour
 c - a +0 cloak (worn)
 e - a +0 robe (worn)
Jewellery
 o - a +4 ring of slaying
Wands
 n - a wand of digging (8)
Scrolls
 b - a scroll of teleportation
 f - a scroll of poison {unknown}
 h - a scroll of identify {unknown}
 i - a scroll of noise {unknown}
 l - 3 scrolls of enchant armour {unknown}
 p - a scroll of blinking {unknown}
Potions
 d - a potion of mutation
 g - a potion of flight {unknown}
 j - a potion of curing {unknown}
 k - a potion of degeneration {unknown}
 m - a potion of might {unknown}


   Skills:
 - Level 3.0 Fighting
 - Level 2.6 Long Blades
 - Level 1.0 Dodging
 - Level 1.7 Stealth
 + Level 3.3 Unarmed Combat
 - Level 1.0 Spellcasting


You had 5 spell levels left.
You didn't know any spells.
Your spell library was empty.

Dungeon Overview and Level Annotations

Branches:
Dungeon (3/15)

Altars:

Annotations:
D:2 Sigmund


Innate Abilities, Weirdness & Mutations

You have a pair of small horns on your head.
Spells you cast may paralyse adjacent enemies.


Message History

You now have 67 gold pieces (gained 16).
A hobgoblin comes into view.
The hobgoblin shouts!
A hobgoblin is nearby!
A hobgoblin is nearby!
A hobgoblin is nearby!
The hobgoblin closely misses you.
You barely miss the hobgoblin. The hobgoblin hits you.
You hit the hobgoblin.
The hobgoblin is almost dead.
The hobgoblin misses you.
You hit the hobgoblin.
You kill the hobgoblin!
No target in view!
No target in view!
No target in view!
No target in view!
You see here a hobgoblin corpse.
p - a scroll labelled YMUIPR SI XUU You see here a +0 club.
There is a stone staircase leading up here.
You see here a +0 robe.
Key pressed, stopping explore.
Partly explored, can't reach some items and places.
Partly explored, can't reach some items and places.
Partly explored, can't reach some items and places.
There is a stone staircase leading down here.
You climb downwards.
There is a stone staircase leading up here.
An endoplasm comes into view.
Found a scroll labelled KEUTHR DIDOESUGH.
The helpless endoplasm fails to defend itself.
You slash the endoplasm!
You kill the endoplasm!
You have reached level 4!
You feel agile.
Your demonic ancestry asserts itself...
A pair of horns grows on your head!
Are you sure you want to abandon this character and quit the game? (Confirm with "yes".)
Okay, then.
Are you sure you want to abandon this character and quit the game? (Confirm with "yes".)

. ..## ####
.?... ##...##
#....####.....##
. #..@........#
#....###.......#
#.##...........#
######.....##
#.......#
#.......#
#.......###
##........#
##<..###..


There were no monsters in sight!

Vanquished Creatures
  4 adders (D:2)
  4 endoplasms
  A giant cockroach (D:2)
  2 goblins
  3 hobgoblins
  4 jackals (D:1)
  5 bats
  3 frilled lizards
  4 kobolds
  2 rats
32 creatures vanquished.

Notes
Turn   | Place    | Note
-------+----------+-------------------------------------------
     0 | D:1      | growler the Demonspawn Wanderer began the quest for the
                  | Orb.
     0 | D:1      | growler set off with the following items: a +2 falchion, a
                  | scroll of teleportation, a +0 cloak, a potion of mutation,
                  | a +0 robe.
     0 | D:1      | Reached XP level 1. HP: 18/18 MP: 2/2
   126 | D:1      | Reached skill level 1 in Unarmed Combat
   397 | D:1      | Gained mutation: Spells you cast may paralyse adjacent
                  | enemies. [demonic ancestry]
   397 | D:1      | Reached XP level 2. HP: 24/24 MP: 3/3
   667 | D:1      | Found a faded altar of an unknown god.
   770 | D:1      | You fall into a shaft and drop 1 floor!
   791 | D:2      | Noticed Sigmund
  1027 | D:2      | Reached XP level 3. HP: 27/29 MP: 4/4
  1767 | D:3      | Gained mutation: You have a pair of small horns on your
                  | head. [demonic ancestry]
  1767 | D:3      | Reached XP level 4. HP: 35/35 MP: 5/5
  1767 | D:3      | Quit the game

Illustrated notes

Levels and vault maps discovered:
D:1:      dpeg_arrival_rooms_c, layout_loops_cross,
          dreamdust_ecumenical_altar_hidden_monk_grotto, minivault_26
D:2:      layout_loops_ring, uniq_sigmund
D:3:      layout_rooms, nicolae_yredelemnul_corpse_copse,
          chequers_temple_overflow_statue_of_worship, hangedman_decor_growths,
          chequers_avenue

Skill      XL: |  1  2  3 |
---------------+----------+-----
Unarmed Combat | 1 2 3 |  3.3
Fighting       | |  3.0
Long Blades    | |  2.6
Dodging        | |  1.0
Stealth        | |  1.7
Spellcasting   | |  1.0

Action                   |  1- 3 |  4- 6 || total
-------------------------+-------+-------++-------
Melee: Falchion          |    78 |       ||    78
 Stab: Sleeping          |     6 |       ||     6
Armor: Robe              |    18 |       ||    18
Dodge: Dodged            |    53 |       ||    53
